 Dungeon Crawl Stone Soup version 0.19.5 (webtiles) character file.

116 Firecrotchwizard the Spear-Bearer (level 5, 0/38 HPs)
             Began as a Merfolk Gladiator on Apr 23, 2017.
             Was an Initiate of Okawaru.
             Killed from afar by an orc wizard (6 damage)
             ... with a puff of flame
             ... on level 3 of the Dungeon.
             The game lasted 00:05:59 (2088 turns).

Firecrotchwizard the Spear-Bearer (MfGl)            Turns: 2088, Time: 00:05:59

Health: 0/38       AC:  6    Str: 15    XL:     5   Next: 0%
Magic:  14/14      EV: 12    Int:  8    God:    Okawaru [......]
Gold:   116        SH:  0    Dex: 15    Spells: 0 memorised, 4 levels left

rFire  . . .     SeeInvis .     a - +0 trident
rCold  . . .     Gourm    .     e - +0 ring mail
rNeg   + . .     Faith    .     (no shield)
rPois  .         Spirit   .     c - +0 helmet
rElec  .         Reflect  .     (no cloak)
rCorr  .         Harm     .     (no gloves)
MR     .....                    (no boots)
Stlth  +.........               (no amulet)
                                i - ring of magical power {MP+9}
                                h - ring of positive energy {rN+}

@: no status effects
A: change form in water, swift swim, stealthy swim
a: Renounce Religion


You were on level 3 of the Dungeon.
You worshipped Okawaru.
Okawaru was noncommittal.
You were not hungry.

You visited 1 branch of the dungeon, and saw 3 of its levels.

You collected 116 gold pieces.

Inventory:

Hand Weapons
 a - a +0 trident (weapon)
 q - a +0 short sword of speed
   (You found it on level 2 of the Dungeon)
Missiles
 d - 3 throwing nets {=f, !d}
Armour
 b - a +0 leather armour
 c - a +0 helmet (worn)
 e - a +0 ring mail (worn)
   (You found it on level 2 of the Dungeon)
Jewellery
 h - a ring of positive energy (left hand) {rN+}
   (You found it on level 1 of the Dungeon)
 i - a ring of magical power (right hand) {MP+9}
   (You found it on level 1 of the Dungeon)
Scrolls
 j - a scroll of fear {unknown}
 n - a scroll of identify {unknown}
 u - a scroll of blinking {unknown}
Potions
 g - a potion of resistance {unknown}
 k - a potion of magic {unknown}
 m - a potion of ambrosia {unknown}
 o - a potion of curing {unknown}
Comestibles
 f - a bread ration {@e1}
 l - 2 meat rations {@e2}
 p - 3 fruits
 t - a beef jerky


   Skills:
 - Level 2.1 Fighting
 + Level 8.0 Polearms
 - Level 2.0 Throwing
 - Level 4.0 Dodging


You had 4 spell levels left.
You didn't know any spells.

Dungeon Overview and Level Annotations

Branches:
Dungeon (3/15)

Altars:
Okawaru


Message History

Okawaru accepts your kill.
You closely miss the orc wizard. You closely miss the orc wizard.
The orc wizard hits you with a dagger.
You take 1 damage, and have 22/33 hp.
You barely miss the orc wizard.
The orc wizard hits you but does no damage.
Attack whom?
Aim: an orc priest, wearing a leather armour You hit the orc priest but do no damage.
You hear the slow rusting of a distant drain.
The orc priest invokes the aid of Beogh against you.
Beogh smites you!
You take 9 damage, and have 13/33 hp.
MASSIVE DAMAGE!!
Attack whom?
Aim: an orc priest, wearing a leather armour You hit the orc priest.
The orc wizard hits you but does no damage.
The orc priest hits you.
You take 1 damage, and have 12/33 hp.
Attack whom?
Aim: an orc priest, wearing a leather armour (moderately wounded)
You hit the orc priest. The orc completely misses you.
The orc wizard gestures at you while chanting.
You resist with some effort. The orc priest barely misses you.
Attack whom?
Aim: an orc priest, wearing a leather armour (severely wounded)
You hit the orc priest but do no damage.
The orc misses you.
The orc wizard gestures at you while chanting.
The magic dart hits you!
Attack whom?
Aim: an orc priest, wearing a leather armour (severely wounded)
You puncture the orc priest!
You kill the orc priest!
Okawaru accepts your kill.
Your Polearms skill increases to level 8!
You have reached level 5!
You feel agile. The orc hits you but does no damage.
The orc wizard hits you with a dagger.
You take 1 damage, and have 12/38 hp.
MP restored: 14 Unknown command.
Attack whom?
Aim: an orc You barely miss the orc.
The orc closely misses you.
The orc wizard hits you but does no damage.
Attack whom?
Aim: an orc wizard, wielding a dagger and wearing a robe You barely miss the orc wizard.
The orc barely misses you.
Attack whom?
Aim: an orc wizard, wielding a dagger and wearing a robe You barely miss the orc wizard.
The orc wizard hits you but does no damage.
The orc hits you but does no damage.
Attack whom?
Aim: an orc wizard, wielding a dagger and wearing a robe You hit the orc wizard.
The orc wizard hits you but does no damage.
The orc closely misses you.
Attack whom?
Aim: an orc wizard, wielding a dagger and wearing a robe (moderately wounded)
You closely miss the orc wizard.
The orc wizard hits you but does no damage.
Attack whom?
Aim: an orc wizard, wielding a dagger and wearing a robe (moderately wounded)
You barely miss the orc wizard. The orc hits you.
* * * LOW HITPOINT WARNING * * *
The orc wizard hits you but does no damage.
You take 3 damage, and have 9/38 hp.
Attack whom?
Aim: an orc wizard, wielding a dagger and wearing a robe (moderately wounded)
You closely miss the orc wizard. The orc hits you.
* * * LOW HITPOINT WARNING * * *
The orc wizard hits you but does no damage.
You take 2 damage, and have 7/38 hp.
Attack whom?
Aim: an orc wizard, wielding a dagger and wearing a robe (moderately wounded)
You barely miss the orc wizard. The orc hits you but does no damage.
The orc wizard hits you with a dagger.
* * * LOW HITPOINT WARNING * * *
You take 1 damage, and have 6/38 hp.
Attack whom?
Aim: an orc wizard, wielding a dagger and wearing a robe (moderately wounded)
You miss the orc wizard. The orc misses you.
The orc wizard hits you with a dagger.
* * * LOW HITPOINT WARNING * * *
Attack whom?
Aim: an orc wizard, wielding a dagger and wearing a robe (moderately wounded)
You closely miss the orc wizard. The orc barely misses you.
The orc wizard gestures at you while chanting.
You resist with some effort.
Okay, then.
Okay, then.
Attack whom?
Aim: an orc wizard, wielding a dagger and wearing a robe (moderately wounded)
You hit the orc wizard. The orc hits you but does no damage.
The orc wizard points at you and mumbles some strange words.
The puff of flame hits you!
You die...

..........#.....####
#.#######.#.##### #.
######....#### #.
#..............
..####.##.####.....####
#..(..)...####.#.#.#
.......#..##.......#
#..#####o[##.#.##### #
#@o#..#.######
####..............
.<.........######.
.........#.....
#######..###### #..#
#).#####. # ###
#........ ##.. ...
#(######.


You could see an orc wizard and an orc.

Vanquished Creatures
  An orc priest (D:3)
  2 gnolls (D:2)
  2 adders (D:2)
  2 worms (D:2)
  2 leopard geckos (D:1)
  An orc (D:3)
  2 giant cockroaches
  8 goblins
  4 hobgoblins
  A jackal (D:2)
  8 bats
  2 frilled lizards (D:1)
  4 kobolds
  5 rats
44 creatures vanquished.

Notes
Turn   | Place    | Note
-------+----------+-------------------------------------------
     0 | D:1      | Firecrotchwizard the Merfolk Gladiator began the quest for the Orb.
     0 | D:1      | Reached XP level 1. HP: 16/16 MP: 1/1
   154 | D:1      | Reached skill level 5 in Polearms
   232 | D:1      | Reached XP level 2. HP: 22/22 MP: 2/2
  1032 | D:2      | Reached XP level 3. HP: 24/27 MP: 3/3
  1093 | D:2      | Reached skill level 6 in Polearms
  1670 | D:2      | Found an iron altar of Okawaru.
  1690 | D:2      | Reached XP level 4. HP: 20/33 MP: 4/4
  1693 | D:2      | Reached skill level 7 in Polearms
  1811 | D:2      | Became a worshipper of Warmaster Okawaru
  1920 | D:3      | Found a faded altar of an unknown god.
  2077 | D:3      | Reached skill level 8 in Polearms
  2077 | D:3      | Reached XP level 5. HP: 15/38 MP: 5/5
  2083 | D:3      | HP: 9/38 [orc (3)]
  2088 | D:3      | Killed from afar by an orc wizard

Skill      XL: |  1  2  3  4 |
---------------+-------------+-----
Polearms       | 5 6 8 |  8.0
Fighting       | |  2.1
Throwing       | |  2.0
Dodging        | |  4.0

Action                   |  1- 3 |  4- 6 || total
-------------------------+-------+-------++-------
Melee: Trident           |    83 |    39 ||   122
Throw: Tomahawk          |    27 |     4 ||    31
 Stab: Sleeping          |     2 |       ||     2
  Eat: Chunk             |     2 |     2 ||     4
Armor: Leather armour    |     4 |       ||     4
       Ring mail         |    12 |    15 ||    27
Dodge: Dodged            |    35 |    22 ||    57

Vault maps used:
D:1:      minmay_arrival_cross, minivault_26
D:2:      hangedman_feature_mirror, okawaru_altar_gauntlet_db
D:3:      ecumenical_altar_1, gup_sewer_entry_spiral

Table legend:
 A = Turns spent in this place as a percentage of turns spent in the entire game.
 B = Non-inter-level travel turns spent in this place as a percentage of non-inter-level travel turns spent in the entire game.
 C = Inter-level travel turns spent in this place as a percentage of turns spent in this place.
 D = Turns resting spent in this place as a percentage of non-inter-level travel turns spent in this place.
 E = Turns spent auto-exploring this place as a percentage of non-inter-level travel turns spent in this place.
 F = Non-inter-level travel turns spent in this place divided by the number of levels of this place that you've seen.
                   A       B       C       D       E      F
               +-------+-------+-------+-------+-------+----------------------
         Total | 100.0 | 100.0 |   0.9 |   2.1 |  18.8 | 113.7
       Dungeon | 100.0 | 100.0 |   0.9 |   2.1 |  18.8 | 113.7
               +-------+-------+-------+-------+-------+----------------------

Table legend:
 A = Kills in this place as a percentage of kills in entire the game.
 B = Kills by you in this place as a percentage of kills by you in the entire game.
 C = Kills by friends in this place as a percentage of kills by friends in the entire game.
 D = Other kills in this place as a percentage of other kills in the entire game.
 E = Experience gained in this place as a percentage of experience gained in the entire game.
 F = Experience gained in this place divided by the number of levels of this place that you have seen.
                   A       B       C       D       E      F
               +-------+-------+-------+-------+-------+----------------------
         Total | 100.0 | 100.0 |  -nan |  -nan | 100.0 |  55.3
       Dungeon | 100.0 | 100.0 |  -nan |  -nan | 100.0 |  55.3
               +-------+-------+-------+-------+-------+----------------------
